Map: Tours du crépuscule

Players

Gensokyo - Winner!

  • Race: Zerg Zerg
  • League: Diamond

Worming

  • Race: Zerg Zerg
  • League: Diamond

VOD

Have the link to the VOD?

Description

Time

  • Played on: Dec. 19, 2015, 7:39 a.m.
  • Length: 6:37
Show
View Real Time Build Order
Export as new Build Order

Gensokyo Zerg - Winner!

Build Orders: Pool First, Zergling Baneling 

Get SALT Encoding   

  12  0:01  Drone  
  13  0:09  Drone  
  14  0:18  Extractor  
  13  0:29  Spawning Pool  
  13  0:32  Drone  
  13  0:41  Overlord  
  13  0:47  Drone  
  14  0:59  Drone x2  
  16  1:05  Drone  
  17  1:19  Queen  
  17  1:24  Metabolic Boost  
  19  1:29  Drone  
  20  1:39  Baneling Nest  
  19  1:43  Overlord  
  19  1:48  Zergling x2  
  20  2:00  Zergling x2  
  21  2:09  Zergling x2  
  22  2:22  Zergling x2  
  23  2:28  Zergling x6  
  26  2:33  Overlord  
  26  2:45  Zergling x2  
  27  2:59  Baneling x5  
  27  3:01  Zergling x2  
  27  3:02  Zergling x2  
  27  3:03  Zergling x2, Hatchery  
  29  3:08  Zergling x2  
  26  3:48  Zergling x12  
  25  3:51  Baneling x4  
  29  4:02  Drone  
  25  4:24  Drone x3  
  25  4:25  Baneling  
  25  4:26  Baneling x2  
  25  4:27  Zergling x8  
  32  4:37  Baneling x2  
  32  4:38  Drone x2  
  28  5:04  Zergling x2  
  28  5:05  Zergling x6  
  28  5:07  Baneling x4  
  32  5:10  Queen  
  34  5:17  Zergling x10  
  37  5:34  Baneling  
  35  5:37  Zergling x8  
  35  5:42  Baneling x5  
  39  5:43  Baneling x2  
  39  5:47  Overlord  
  39  5:50  Drone  
  39  5:51  Drone  
  39  5:54  Zergling x2  
Show
View Real Time Build Order
Export as new Build Order

Worming Zerg 

Build Orders: Hatch First 

Get SALT Encoding   

  12  0:01  Drone  
  13  0:12  Overlord  
  13  0:17  Drone  
  14  0:30  Drone x2  
  14  0:34  Drone  
  17  0:52  Hatchery  
  17  0:55  Drone  
  17  0:58  Drone  
  17  1:02  Extractor  
  17  1:15  Spawning Pool  
  17  1:16  Drone  
  17  1:19  Drone  
  18  1:29  Drone  
  20  1:40  Drone  
  20  1:53  Overlord  
  20  2:02  Queen  
  20  2:04  Zergling x2  
  20  2:06  Queen  
  20  2:07  Metabolic Boost  
  25  2:09  Drone  
  26  2:17  Drone x2  
  28  2:26  Drone x2  
  30  2:30  Baneling Nest  
  30  2:32  Drone  
  30  2:39  Zergling x2  
  31  2:56  Zergling x4  
  33  3:06  Spine Crawler  
  33  3:07  Spine Crawler  
  33  3:10  Zergling x8  
  25  3:27  Baneling x2  
  25  3:28  Baneling x3  
  10  3:48  Drone  
  10  3:49  Drone x6  
  10  3:50  Queen  
  19  4:05  Zergling x4  
  16  4:25  Drone x2  
  16  4:26  Drone x2  
  20  4:34  Baneling, Zergling x2  
  20  4:35  Zergling x2  
  17  4:56  Drone x4  
  19  5:06  Baneling  
  19  5:16  Zergling x4  
  19  5:17  Queen, Zergling x2  
  16  5:36  Drone  
  17  5:47  Drone  
  17  5:48  Zergling x6  
  21  5:51  Baneling x2  
  21  5:59  Zergling x2  
  21  6:00  Zergling x2  
  23  6:18  Zergling x2  
Tags
 
Add a new tag
Caveats
  • Supply blocks, unpowered buildings, or Contaminate may cause inaccurate times.
  • Supply counts are checked every 10 seconds.